 Dungeon Crawl Stone Soup version 0.29-a0-275-g389c0b56f3 (webtiles) character file.

Game seed: 15445991517816228069

8434 sammy202020 the Cleaver (level 11, -6/151 HPs)
             Began as a Minotaur Berserker on Mar 13, 2022.
             Was an Elder of Trog.
             Killed by vampiric draining
             ... invoked by a vampire
              (15 damage)
             ... on level 8 of the Dungeon.
             The game lasted 00:26:22 (11653 turns).

sammy202020 the Cleaver (Minotaur Berserker)       Turns: 11653, Time: 00:26:23

Health: -6/151     AC: 12    Str: 23    XL:     11   Next: 9%
Magic:  10/10      EV:  9    Int:  8    God:    Trog [****..]
Gold:   416        SH: 15    Dex:  9    Spells: 10/10 levels left

rFire   + . .      SeeInvis .   a - +1 hand axe (flame)
rCold   + . .      Faith    .   t - +1 tower shield
rNeg    . . .      Spirit   .   h - +2 scale mail {Will+}
rPois   .          Reflect  .   (helmet restricted)
rElec   .          Harm     .   i - scarf {rC+ rF+}
rCorr   .          Rampage  .   (no gloves)
Will    +....                   w - +0 pair of boots
Stlth   ..........              (no amulet)
HPRegen 0.35/turn               (no ring)
MPRegen 0.12/turn               (no ring)

@: berserking, very quick
A: horns 2, retaliatory headbutt
a: Renounce Religion, Berserk, Trog's Hand, Brothers in Arms


You were on level 8 of the Dungeon.
You worshipped Trog.
Trog was greatly pleased with you.
You visited 2 branches of the dungeon, and saw 9 of its levels.
You also visited: Sewer.

You collected 510 gold pieces.
You spent 94 gold pieces at shops.

Inventory:

Hand Weapons
 a - a +1 hand axe of flaming (weapon)
 E - a +0 war axe
Missiles
 B - a curare-tipped dart (quivered)
 D - 3 boomerangs
 F - a throwing net
Armour
 b - a +0 plate armour
 h - a +2 scale mail of willpower (worn)
 i - a scarf of resistance (worn)
 k - a +0 kite shield
 t - a +1 tower shield (worn)
 w - a +0 pair of boots (worn)
 y - a +2 cloak
Jewellery
 n - a ring of willpower
 s - a ring of fire
 A - an amulet of reflection
 G - a ring of fire
Wands
 u - a wand of digging (8)
 C - a wand of iceblast (6)
 I - a wand of paralysis (6)
Scrolls
 d - 4 scrolls of teleportation
 m - 2 scrolls of enchant weapon
 p - a scroll of fear
 q - 4 scrolls of amnesia
Potions
 c - a potion of berserk rage
 e - 3 potions of attraction {unknown}
 f - 3 potions of lignification
 g - a potion of brilliance {unknown}
 j - 2 potions of magic {unknown}
 l - 4 potions of curing {unknown}
 o - 2 potions of cancellation
 r - 4 potions of invisibility
 v - a potion of degeneration {unknown}
 x - a potion of resistance {unknown}
 z - a potion of mutation {unknown}
 H - a potion of heal wounds


   Skills:
 * Level 10.4 Fighting
 * Level 10.6 Axes
 * Level 10.1 Armour
 + Level 6.5 Dodging
 * Level 9.5 Shields


You had 10 spell levels left.
You didn't know any spells.
Your spell library was empty.

Dungeon Overview and Level Annotations

Branches:
Dungeon (8/15)             Temple (1/1) D:5            Lair (0/6) D:8
  Sewer (visited)

Altars:
Ashenzari
Cheibriados
Dithmenos
Elyvilon
Fedhas
Gozag
Hepliaklqana
Kikubaaqudgha
Makhleb
Nemelex Xobeh
Okawaru
Qazlal
Ru
Sif Muna
Trog
Uskayaw
Vehumet
Wu Jian
Xom
Yredelemnul
Zin
The Shining One

Shops:
D:1 [[!   D:4 **=


Innate Abilities, Weirdness & Mutations

You have a pair of horns on your head.
You reflexively headbutt those who attack you in melee.


Message History

You feel the effects of Trog's Hand fading.
Something hits you but does no damage. Something bites you.
Something draws strength from your injuries!
You barely miss something. Your headbutt misses something.
You block something's attack. x2
You hit something. You burn something. Something completely misses you.
Something bites you.
Something draws strength from your injuries!
You closely miss something. You headbutt something! Something hits you!
* * * LOW HITPOINT WARNING * * *
Something bites you but does no damage.
You barely miss something.
Your skin stops crawling.
You feel less strong-willed.
You hear some strange, mumbled words.
Something tries to affect you, but you resist.
You hit something but do no damage. Your headbutt misses something.
Something hits you but does no damage. Something bites you.
* * * LOW HITPOINT WARNING * * *
Something draws strength from your injuries!
You hit something but do no damage. Your headbutt misses something.
Something draws life force from you!
* * * LOW HITPOINT WARNING * * *
A red film seems to cover your vision as you go berserk!
You feel yourself moving faster!
You feel mighty! Something hits you but does no damage.
Something bites you but does no damage.
You hit something. You burn something. Something hits you but does no damage.
You block something's attack.
You hit something. You burn something. Your headbutt misses something.
Something hits you.
* * * LOW HITPOINT WARNING * * *
Something bites you but does no damage.
You hit something. You burn something. You headbutt something.
You barely miss something. Something draws life force from you!
* * * LOW HITPOINT WARNING * * *
You closely miss something.
You hear some strange, mumbled words.
Something tries to affect you, but you resist.
You miss something. Your headbutt misses something.
Something draws life force from you!
You die...

..##.##'######...#####...###
.....#.........†.#...#...#
..##.#...........#...#...#
..#..#...........#...#...#
.....#...#######+#...#...#####
..##.#...#........(8.#.......#
.###.#...#....8......#...[...#
^#...#...#......{!...+.......#
...#.#...#####.)@)$..#####...#
.###.#.......+...$.......#...#
.#...#.......#......8....#...#
.....#....)..#.8.........#...#
.....#####...#...#########...#
.........#...#...'...........#
###......#...#.).#...........#
..#...## #...#...#...........#
.......###...#####...######+##


There were no monsters in sight!

Vanquished Creatures
  A centaur warrior (D:8)
  3 death yaks (D:8)
  The ghost of sokol815 the Covert, a novice OpBr of Gozag (D:7)
  Maggie (D:7)
  A troll (D:6)
  2 wyverns (D:7)
  A steam dragon (D:8)
  4 water moccasins
  4 orc warriors
  4 ice beasts
  4 sky beasts
  5 ogres
  A centaur (D:7)
  A phantom (D:4)
  5 kobold brigands
  A necrophage (D:6)
  5 bullfrogs
  2 scorpions (D:7)
  10 wights
  4 killer bees (D:7)
  A howler monkey (D:7)
  5 hounds
  A wyvern simulacrum (D:7)
  A jelly (D:6)
  2 orc priests
  A gnoll shaman (D:8)
  Terence (D:2)
  3 hell rats (D:8)
  An iguana (D:6)
  8 orc wizards
  A bullfrog simulacrum (D:7)
  A killer bee simulacrum (D:7)
  14 gnolls
  12 adders
  8 river rats
  2 shadow imps
  3 white imps
  6 worms
  2 dart slugs
  19 orcs
  14 endoplasms
  6 giant cockroaches
  8 goblins
  7 hobgoblins
  9 kobolds
  3 quokkas
  8 ball pythons
  3 bats
  3 frilled lizards
  12 rats
  A butterfly (D:5)
226 creatures vanquished.

Notes
Turn   | Place    | Note
-------+----------+-------------------------------------------
     0 | D:1      | sammy202020 the Minotaur Berserker began the quest for the
                  | Orb.
     0 | D:1      | Reached XP level 1. HP: 19/19 MP: 0/0
    35 | D:1      | Found Xerus's Antique Armour Shoppe.
    82 | D:1      | Reached XP level 2. HP: 13/27 MP: 1/1
   283 | D:1      | Found Vuomanorch's Armour Shop.
   389 | D:1      | Found Ykkulat's Book Emporium.
   694 | D:1      | Reached XP level 3. HP: 33/33 MP: 2/2
   874 | D:1      | Found Xaane's Distillery.
  2032 | D:2      | Reached ** piety under Trog
  2033 | D:2      | Reached XP level 4. HP: 38/41 MP: 3/3
  2228 | D:2      | Noticed Terence
  2246 | D:2      | Killed Terence
  2247 | D:2      | Reached skill level 1 in Shields
  2779 | D:3      | Found a glowing drain.
  2793 | D:3      | Reached XP level 5. HP: 47/47 MP: 4/4
  2806 | Sewer    | Entered a sewer
  2905 | Sewer    | Reached skill level 5 in Axes
  3098 | Sewer    | Reached skill level 5 in Fighting
  3098 | Sewer    | Reached XP level 6. HP: 56/56 MP: 5/5
  3813 | Sewer    | Reached XP level 7. HP: 61/61 MP: 6/6
  3956 | D:3      | Reached *** piety under Trog
  3960 | D:3      | Found a hide-covered altar of Uskayaw.
  4294 | D:1      | Bought a tower shield for 94 gold pieces
  4408 | D:4      | Reached skill level 5 in Armour
  4844 | D:4      | Found Miq Milah's Jewellery Shop.
  4914 | D:4      | Found Onausaq's General Store.
  5441 | D:4      | Found Estrurch's Assorted Antiques.
  5575 | D:4      | Found a burning altar of Makhleb.
  5576 | D:4      | Found an ornate altar of the Wu Jian Council.
  5576 | D:4      | Found a basalt altar of Yredelemnul.
  5576 | D:4      | Found a shadowy altar of Dithmenos.
  5577 | D:4      | Found a blossoming altar of Fedhas.
  5580 | D:4      | Found a stormy altar of Qazlal.
  5744 | D:5      | Entered Level 5 of the Dungeon
  5744 | D:5      | Found a staircase to the Ecumenical Temple.
  5794 | Temple   | Entered the Ecumenical Temple
  6018 | D:5      | Reached XP level 8. HP: 60/71 MP: 7/7
  6832 | D:6      | Reached skill level 5 in Shields
  7338 | D:6      | Noticed a troll
  7347 | D:6      | Killed a troll
  7358 | D:6      | Reached XP level 9. HP: 32/79 MP: 8/8
  8571 | D:7      | Reached skill level 5 in Dodging
  8817 | D:7      | Found a runed translucent gate.
  8817 | D:7      | Found a runed translucent gate.
  8817 | D:7      | Found a runed translucent gate.
  8835 | D:7      | Noticed sokol815's ghost (novice OpBr)
  8863 | D:7      | Killed sokol815's ghost
  8863 | D:7      | Reached **** piety under Trog
  9368 | D:7      | Reached XP level 10. HP: 66/90 MP: 9/9
  9978 | D:7      | Found a sparkling altar of Nemelex Xobeh.
  9978 | D:7      | Found a sacrificial altar of Ru.
  9979 | D:7      | Found a shimmering blue altar of Sif Muna.
  9981 | D:7      | Found a snail-covered altar of Cheibriados.
  9982 | D:7      | Found an ancient bone altar of Kikubaaqudgha.
  9990 | D:7      | Noticed Maggie
 10013 | D:7      | Killed Maggie
 10640 | D:8      | Noticed a death yak
 10654 | D:8      | Noticed a death yak
 10655 | D:8      | Noticed a death yak
 10668 | D:8      | Killed a death yak
 10669 | D:8      | Reached skill level 10 in Axes
 10677 | D:8      | Killed a death yak
 10678 | D:8      | HP: 4/139 [death yak (22)]
 10680 | D:8      | Killed a death yak
 10681 | D:8      | Reached skill level 10 in Fighting
 11390 | D:8      | Found a staircase to the Lair.
 11526 | D:8      | Reached XP level 11. HP: 83/96 MP: 10/10
 11593 | D:8      | Noticed a centaur warrior
 11607 | D:8      | Killed a centaur warrior
 11608 | D:8      | Reached skill level 10 in Armour
 11653 | D:8      | Killed from afar by a vampire

Illustrated notes

Levels and vault maps discovered:
D:1:      kennysheep_arrival_forest, layout_rooms, serial_shops,
          nicolae_shop_advertising_works [nicolae_subvault_shop_adworks],
          shop_statue, nicolae_square_shop, shop
D:2:      layout_basic, uniq_terence
D:3:      layout_rooms, eat_drink_and_be_merry_uskayaw, portal_sewer_entry_a
D:4:      layout_layer_cave, minitemple, serial_shops, nicolae_take_the_stairs,
          nicolae_stop_n_shop_1, nicolae_shop_stone, chequers_jeans
D:5:      layout_basic, minmay_temple_entry_butterflies
D:6:      layout_loops_corners
D:7:      layout_loops_ring, grunt_temple_overflow_open, gammafunk_ghost_icy,
          minivault_11, amcnicky_mini_pool_medium, uniq_maggie
D:8:      kennysheep_blocky_room, layout_cave_pools, dpeg_lair_monsters
Temple:   chequers_temple_sunken

Skill      XL: |  1  2  3  4  5  6  7  8  9 10 11 |
---------------+----------------------------------+-----
Axes           | 4 5 6 7 9 10 | 10.6
Fighting       | 4 5 6 7 8 10 | 10.4
Armour         | 3 4 5 7 8 9 10 | 10.1
Shields        | 1 2 3 4 6 7 9 |  9.5
Dodging        | 3 4 5 6 |  6.5

Action                   |  1- 3 |  4- 6 |  7- 9 | 10-12 || total
-------------------------+-------+-------+-------+-------++-------
Melee: Hand axe          |    87 |   206 |   282 |   246 ||   821
       Headbutt          |    12 |    21 |    51 |    53 ||   137
Invok: Berserk           |       |     2 |     3 |     3 ||     8
       Trog's Hand       |       |       |     3 |     4 ||     7
  Use: Scroll            |       |     9 |     7 |       ||    16
       Potion            |       |       |       |     1 ||     1
 Stab: Sleeping          |     1 |       |       |       ||     1
Armor: Animal skin       |    15 |       |       |       ||    15
       Scale mail        |     4 |    86 |    98 |    96 ||   284
Dodge: Dodged            |    44 |    62 |    91 |    59 ||   256
Block: Kite shield       |     4 |    66 |     6 |       ||    76
       Tower shield      |       |       |   183 |   225 ||   408

Table legend: (Time is in decaauts)
 A = Elapsed time spent in this place.
 B = Non-inter-level travel time spent in this place.
 C = Inter-level travel time spent in this place.
 D = Time resting spent in this place.
 E = Time spent auto-exploring this place.
 F = Levels seen in this place.
 G = Mean time per level.
                   A        B        C        D        E       F      G
               +--------+--------+--------+--------+--------+-----+--------+
         Total |  12020 |  11877 |    143 |   1645 |   7600 |  10 | 1202.0 |
       Dungeon |  10685 |  10549 |    136 |   1602 |   6674 |   8 | 1335.6 |
        Temple |     99 |     92 |      7 |      0 |     55 |   1 |   99.0 |
         Sewer |   1236 |   1236 |      0 |     43 |    870 |   1 | 1236.0 |
               +--------+--------+--------+--------+--------+-----+--------+

Top non-repeatable levels by time:
     D:7: 2079 daAuts
     D:6: 1979 daAuts
     D:2: 1798 daAuts
     D:4: 1368 daAuts
   Sewer: 1236 daAuts
     D:1: 1061 daAuts
     D:8: 1061 daAuts
     D:5: 809 daAuts
     D:3: 527 daAuts
  Temple: 99 daAuts
